[Event "SS Manhem Chess Week GM and IM tournaments 2018"]
[Site "Molnlycke kulturhus, Biblioteksgatan 2, Molnlycke, Sweden"]
[Date "2018.08.14"]
[Round "5.5"]
[White "Gritsak, Orest"]
[Black "Lindberg, Bengt"]
[Result "1-0"]
[TimeControl "90 minutes for 40 moves + 30 minutes for the rest of the game + 30 seconds per move from move one."]
[WhiteTitle "GM"]
[BlackTitle "IM"]
[WhiteFideId "14102188"]
[BlackFideId "1700359"]
[WhiteElo "2464"]
[BlackElo "2416"]

1. d4 Nf6 2. c4 e6 3. Nc3 Bb4 4. Qc2 O-O 5. a3 Bxc3+ 6. Qxc3 b6 7. Bg5 Bb7 8. e3 d6 9. Ne2 Nbd7 10.
Rd1 Ne4 11. Bxd8 Nxc3 12. Nxc3 Rfxd8 13. f3 Nf6 14. e4 d5 15. cxd5 exd5 16. e5 Nd7 17. f4 c5 18. g3 cxd4 19.
Nb5 Nc5 20. Nxd4 Rac8 21. Kd2 f6 22. Bh3 Ne4+ 23. Ke3 fxe5 24. fxe5 Rc4 25. Rc1 Nc5 26. b4 Rxd4 27. Kxd4 Nb3+ 28.
Kc3 Nxc1 29. Rxc1 d4+ 30. Kd2 Re8 31. Rc7 Bd5 32. Kd3 Rxe5 33. Kxd4 Rh5 34. Bg4 Rg5 35. Rxa7 h5 36. Be2 Bf7 37.
Bf3 g6 38. Re7 Rf5 39. Ke3 Rf6 40. Re5 Rd6 41. a4 Bc4 42. Be4 Kf7 43. h4 Kf6 44. Rg5 Kf7 45. a5 Bf1 46. Rd5 Re6 47.
Kd4 Kf6 48. Rg5 Kg7 49. Bxg6 Rxg6 50. Rxg6+ Kxg6 51. axb6 Bg2 52. Ke5 Bh1 53. b5 Bg2 54. Kd6 Kf5 55. Kc7 Kg4 56. b7 Bxb7 57.
Kxb7 Kxg3 58. b6 Kxh4 59. Ka7 Kh3 60. b7 h4 61. b8=Q 1-0

[Event "SS Manhem Chess Week GM and IM tournaments 2018"]
[Site "Molnlycke kulturhus, Biblioteksgatan 2, Molnlycke, Sweden"]
[Date "2018.08.14"]
[Round "5.6"]
[White "Kucuksari, Kaan"]
[Black "Vypkhaniuk, Ihor"]
[Result "0-1"]
[TimeControl "90 minutes for 40 moves + 30 minutes for the rest of the game + 30 seconds per move from move one."]
[WhiteTitle "FM"]
[BlackTitle "FM"]
[WhiteFideId "6380166"]
[BlackFideId "14112256"]
[WhiteElo "2329"]
[BlackElo "2357"]

1. d4 d6 2. Nf3 g6 3. c4 Bg7 4. Nc3 Nc6 5. e4 Bg4 6. Be3 e5 7. d5 Nd4 8. Be2 Bxf3 9. Bxf3 c5 10.
dxc6 bxc6 11. Qd2 Ne7 12. Bd1 Rb8 13. O-O O-O 14. Ba4 Qb6 15. Rab1 Qc5 16. Qd3 Rb4 17. b3 d5 18. a3 Rbb8 19.
exd5 cxd5 20. Nxd5 Nxd5 21. cxd5 Qxd5 22. Qa6 Qc5 23. b4 Qb6 24. Qxb6 axb6 25. Bd1 b5 26. Rc1 Ra8 27. Rc3 e4 28.
Bxd4 Bxd4 29. Rb3 Rfc8 30. Be2 Rc3 31. Rxc3 Bxc3 32. Bxb5 Rxa3 33. Rb1 Kg7 34. Kf1 f5 35. g3 Bd4 36.
Rd1 Bc3 37. Rb1 Bd4 38. Rd1 Bc3 39. Rb1 Kf6 40. Bc4 Bd4 41. Be2 g5 42. b5 Bb6 43. Rc1 Ke5 44. Rc6 Bd4 45. Ra6 Rb3 46.
Bc4 Rb1+ 47. Kg2 Bc5 48. Rc6 Kd4 49. Bg8 Rb2 50. Kg1 Rb1+ 51. Kg2 Rb2 52. Kg1 f4 53. gxf4 gxf4 54. Bxh7 Rxb5 55. Re6 Rb1+ 56. Kg2 Re1 57.
h4 Re2 58. Kf1 f3 59. Re8 Kd3 60. Rd8+ Kc3 61. Bxe4 Rxf2+ 62. Ke1 Re2+ 63. Kf1 Rxe4 64. Rd5 Bd4 65. Rf5 f2 66. h5 Re1+ 67. Kg2 Rg1+ 0-1

[Event "SS Manhem Chess Week GM and IM tournaments 2018"]
[Site "Molnlycke kulturhus, Biblioteksgatan 2, Molnlycke, Sweden"]
[Date "2018.08.14"]
[Round "5.7"]
[White "Rydstrom, Tom"]
[Black "Hobber, Anders"]
[Result "1/2-1/2"]
[TimeControl "90 minutes for 40 moves + 30 minutes for the rest of the game + 30 seconds per move from move one."]
[WhiteTitle "FM"]
[BlackTitle "FM"]
[WhiteFideId "1714830"]
[BlackFideId "1505424"]
[WhiteElo "2316"]
[BlackElo "2314"]

1. e4 c6 2. Nc3 d5 3. Nf3 Bg4 4. h3 Bxf3 5. Qxf3 e6 6. d4 Qb6 7. Bd3 Nf6 8. O-O Qxd4 9. Be3 dxe4 10.
Nxe4 Qd8 11. Rad1 Nbd7 12. Qg3 Nh5 13. Nd6+ Bxd6 14. Qxd6 Qe7 15. Qc7 Nb6 16. Qe5 Nf6 17. c4 Nbd7 18.
Qc7 Nb6 19. Bxb6 axb6 20. Qxb6 Rxa2 21. Ra1 Rxa1 22. Rxa1 O-O 23. Ra7 Rb8 24. Be2 e5 25. b4 Qd7 26. g3 h6 27. Bf3 e4 28.
Bg2 Qc8 29. Kh2 Qd7 30. Kg1 Qd1+ 1/2-1/2

[Event "SS Manhem Chess Week GM and IM tournaments 2018"]
[Site "Molnlycke kulturhus, Biblioteksgatan 2, Molnlycke, Sweden"]
[Date "2018.08.14"]
[Round "5.8"]
[White "Pantzar, Milton"]
[Black "Mikalsen, Erlend"]
[Result "1/2-1/2"]
[TimeControl "90 minutes for 40 moves + 30 minutes for the rest of the game + 30 seconds per move from move one."]
[WhiteTitle "FM"]
[BlackTitle "FM"]
[WhiteFideId "1721003"]
[BlackFideId "1507338"]
[WhiteElo "2306"]
[BlackElo "2289"]

1. Nf3 d5 2. d4 Nf6 3. c4 e6 4. g3 dxc4 5. Bg2 c5 6. O-O Nc6 7. dxc5 Qxd1 8. Rxd1 Bxc5 9. Nfd2 Na5 10.
Na3 Bxa3 11. bxa3 Bd7 12. Bb2 Rc8 13. Bc3 b6 14. Rdc1 Bb5 15. Rab1 Ba6 16. Bxa5 bxa5 17. Bb7 Bxb7 18.
Rxb7 c3 19. Rxa7 O-O 20. Nb3 Nd5 21. Rxa5 f5 22. Nd4 Ra8 23. Rc5 Rfc8 24. Rxc8+ Rxc8 25. e3 Kf7 26. Kf1 g5 27. h3 h5 28.
Ke2 Rb8 29. Rc2 Kf6 30. f4 gxf4 31. exf4 h4 32. Kf3 hxg3 33. Kxg3 Ra8 34. Ne2 Rxa3 35. Kf2 Kg6 36. Kf3 Ra4 37.
Kf2 Kh5 38. Kg3 Re4 39. Kf3 Kh4 40. Rc1 Re3+ 41. Kf2 Rxh3 42. a4 Nf6 43. a5 Ne4+ 44. Kg2 Kg4 45. a6 Rh7 46. Nxc3 Nxc3 47.
Rxc3 Kxf4 48. Ra3 Ra7 49. Kf2 Ke4 50. Ra5 Kd4 51. Kf3 Kc4 52. Kf4 Kb4 53. Ra1 Kb5 54. Rb1+ Kxa6 55. Ke5 Re7 56.
Kf6 Rb7 57. Ra1+ Kb5 58. Kxe6 f4 59. Rf1 Kc5 60. Rxf4 1/2-1/2

[Event "SS Manhem Chess Week GM and IM tournaments 2018"]
[Site "Molnlycke kulturhus, Biblioteksgatan 2, Molnlycke, Sweden"]
[Date "2018.08.14"]
[Round "5.9"]
[White "Ernst, Thomas"]
[Black "Storme, Isak"]
[Result "0-1"]
[TimeControl "90 minutes for 40 moves + 30 minutes for the rest of the game + 30 seconds per move from move one."]
[WhiteTitle "GM"]
[BlackTitle "FM"]
[WhiteFideId "1700065"]
[BlackFideId "1728113"]
[WhiteElo "2346"]
[BlackElo "2279"]

1. e4 c5 2. Nf3 e6 3. d4 cxd4 4. Nxd4 Nc6 5. Nb5 d6 6. c4 Nf6 7. N1c3 a6 8. Na3 Be7 9. Be2 O-O 10.
O-O b6 11. Be3 Bb7 12. Qe1 Ne5 13. f3 d5 14. exd5 exd5 15. Rd1 Qc7 16. cxd5 Bc5 17. Qf2 Bxa3 18. Bxb6 Qc8 19. Ne4 Nxe4 20.
fxe4 Bd6 21. Rc1 Qd7 22. Bc5 Bxc5 23. Rxc5 Rac8 24. Rfc1 Rxc5 25. Rxc5 Qa4 26. Rc7 Ba8 27. Qc5 Qxe4 28.
Rc8 Nd7 29. Rxf8+ Nxf8 30. Bxa6 Bxd5 31. Bf1 Bxa2 32. b4 Bd5 33. b5 g6 34. b6 Ne6 35. Qc8+ Kg7 36. Qc3+ Nd4 0-1

[Event "SS Manhem Chess Week GM and IM tournaments 2018"]
[Site "Molnlycke kulturhus, Biblioteksgatan 2, Molnlycke, Sweden"]
[Date "2018.08.14"]
[Round "5.10"]
[White "Antonsen, Mikkel"]
[Black "Nedilko, Vasily"]
[Result "1/2-1/2"]
[TimeControl "90 minutes for 40 moves + 30 minutes for the rest of the game + 30 seconds per move from move one."]
[WhiteTitle "IM"]
[BlackTitle "IM"]
[WhiteFideId "1401378"]
[BlackFideId "14101459"]
[WhiteElo "2444"]
[BlackElo "2369"]

1. d4 Nf6 2. c4 g6 3. Nc3 d5 4. cxd5 Nxd5 5. e4 Nxc3 6. bxc3 Bg7 7. Be3 c5 8. Nf3 Qa5 9. Nd2 Bd7 10.
Nb3 Qxc3+ 11. Bd2 Qb2 12. Bc1 Qc3+ 13. Bd2 Qb2 14. Bc1 1/2-1/2

[Event "SS Manhem Chess Week GM and IM tournaments 2018"]
[Site "Molnlycke kulturhus, Biblioteksgatan 2, Molnlycke, Sweden"]
[Date "2018.08.15"]
[Round "6.1"]
[White "Johansson, Linus"]
[Black "Christiansen, Johan-Sebastian"]
[Result "1/2-1/2"]
[TimeControl "90 minutes for 40 moves + 30 minutes for the rest of the game + 30 seconds per move from move one."]
[WhiteTitle "IM"]
[BlackTitle "IM"]
[WhiteFideId "1711113"]
[BlackFideId "1512668"]
[WhiteElo "2457"]
[BlackElo "2515"]

1. Nf3 c5 2. c4 Nc6 3. Nc3 g6 4. e3 Nf6 5. d4 cxd4 6. exd4 d5 7. cxd5 Nxd5 8. Qb3 e6 9. Bg5 Be7 10.
Bh6 Bf8 11. Bg5 Be7 12. Bh6 Bf8 13. Bg5 1/2-1/2

[Event "SS Manhem Chess Week GM and IM tournaments 2018"]
[Site "Molnlycke kulturhus, Biblioteksgatan 2, Molnlycke, Sweden"]
[Date "2018.08.15"]
[Round "6.3"]
[White "Rozentalis, Eduardas"]
[Black "Gritsak, Orest"]
[Result "1/2-1/2"]
[TimeControl "90 minutes for 40 moves + 30 minutes for the rest of the game + 30 seconds per move from move one."]
[WhiteTitle "GM"]
[BlackTitle "GM"]
[WhiteFideId "12800023"]
[BlackFideId "14102188"]
[WhiteElo "2503"]
[BlackElo "2464"]

1. e4 c6 2. d4 d5 3. exd5 cxd5 4. Bd3 g6 5. c3 Nc6 6. Bf4 Bh6 7. Bxh6 Nxh6 8. Nf3 Bf5 9. O-O Bxd3 10.
Qxd3 Nf5 11. Nbd2 O-O 12. Rfe1 e6 1/2-1/2

[Event "SS Manhem Chess Week GM and IM tournaments 2018"]
[Site "Molnlycke kulturhus, Biblioteksgatan 2, Molnlycke, Sweden"]
[Date "2018.08.15"]
[Round "6.4"]
[White "Brynell, Stellan"]
[Black "Lindberg, Bengt"]
[Result "1/2-1/2"]
[TimeControl "90 minutes for 40 moves + 30 minutes for the rest of the game + 30 seconds per move from move one."]
[WhiteTitle "GM"]
[BlackTitle "IM"]
[WhiteFideId "1700219"]
[BlackFideId "1700359"]
[WhiteElo "2391"]
[BlackElo "2416"]

1. d4 Nf6 2. c4 e6 3. Nf3 b6 4. g3 Ba6 5. Qc2 Bb4+ 6. Bd2 Be7 7. e4 d5 8. cxd5 Bxf1 9. Kxf1 exd5 10.
e5 Ne4 11. Nc3 Nxd2+ 12. Qxd2 Qd7 13. Kg2 Nc6 14. Rac1 Nd8 15. Ne1 Ne6 16. f4 g6 17. Nc2 c5 18. Rhd1 Rd8 19. Qd3 cxd4 20.
Nxd4 O-O 21. Qb5 Bc5 22. Qxd7 Rxd7 23. Nce2 Re8 24. Kf3 f6 25. Nxe6 Rxe6 26. b4 Bf8 27. Nd4 Re8 28. e6 Rb7 29.
a3 a5 30. bxa5 bxa5 31. Rd3 f5 32. g4 fxg4+ 33. Kxg4 h5+ 34. Kf3 Bg7 35. Nc6 a4 36. e7 Rb3 37. Ke2 Bf6 38. Rxd5 Bxe7 39. Re5 Kf7 40. Rc4 Bxa3 41.
Rxe8 Kxe8 42. Rxa4 Bd6 43. Kf2 Rb2+ 44. Kf3 Kd7 45. Nd4 Rxh2 46. Ra7+ Bc7 47. Nb5 Rc2 48. Ra6 Rc6 49. Nxc7 Kxc7 50.
Ra7+ Kd6 51. Rg7 Kd5 52. f5 Rc3+ 53. Kf4 Rc4+ 54. Kf3 gxf5 55. Rg5 Ke5 56. Rxh5 Rc3+ 57. Kf2 Ke4 58. Rh8 Rc2+ 59.
Kf1 Kf3 60. Rh3+ Kg4 61. Ra3 f4 62. Rb3 f3 63. Rb8 Rc1+ 64. Kf2 Rc2+ 65. Kf1 Rc1+ 1/2-1/2

[Event "SS Manhem Chess Week GM and IM tournaments 2018"]
[Site "Molnlycke kulturhus, Biblioteksgatan 2, Molnlycke, Sweden"]
[Date "2018.08.15"]
[Round "6.5"]
[White "Schneider, Stefan"]
[Black "Vestby-Ellingsen, Mads"]
[Result "0-1"]
[TimeControl "90 minutes for 40 moves + 30 minutes for the rest of the game + 30 seconds per move from move one."]
[WhiteTitle "IM"]
[BlackTitle "FM"]
[WhiteFideId "1703013"]
[BlackFideId "1520857"]
[WhiteElo "2399"]
[BlackElo "2409"]

1. d4 Nf6 2. Nf3 g6 3. c4 Bg7 4. e3 O-O 5. Be2 d6 6. O-O Nbd7 7. Nc3 e5 8. Qc2 Re8 9. Re1 Nf8 10.
b4 e4 11. Nd2 Bf5 12. Bb2 h5 13. d5 a6 14. Nb3 h4 15. Nd4 Bc8 16. h3 N8h7 17. Rad1 g5 18. c5 Qe7 19. cxd6 cxd6 20.
b5 g4 21. hxg4 Nxg4 22. bxa6 h3 23. Bxg4 Bxg4 24. f3 exf3 25. gxf3 Bh5 26. axb7 Rab8 27. Ne4 Ng5 28. Nxg5 Qxg5+ 29. Kh1 Bg6 30. e4 Rxb7 31. Rg1 Qh5 32. Rdf1 Kh7 33. Nb3 Be5 34. Bxe5 Rxe5 35. Qc8 Ra7 36. Rg3 f5 37. Rf2 Re8 38.
Qc1 fxe4 39. Kh2 e3 40. Re2 Qe5 41. Qc4 Rg7 42. Qd4 Qxg3+ 43. Kxg3 Bd3+ 44. Qxg7+ Kxg7 45. Re1 Kf6 46. Kxh3 Kf5 47.
Nd4+ Kf4 48. Kg2 Rg8+ 49. Kh2 Bc4 50. a4 Bxd5 51. Nc2 Rh8+ 52. Kg1 Bxf3 53. Rxe3 Rh1+ 54. Kf2 Rh2+ 55. Ke1 Rxc2 56.
Ra3 Bd5 57. Rd3 Ke5 58. Re3+ Kd4 59. Rh3 Ra2 60. Rh6 Kc5 61. Rh4 Bc4 0-1

[Event "SS Manhem Chess Week GM and IM tournaments 2018"]
[Site "Molnlycke kulturhus, Biblioteksgatan 2, Molnlycke, Sweden"]
[Date "2018.08.15"]
[Round "6.6"]
[White "Vypkhaniuk, Ihor"]
[Black "Storme, Isak"]
[Result "1-0"]
[TimeControl "90 minutes for 40 moves + 30 minutes for the rest of the game + 30 seconds per move from move one."]
[WhiteTitle "FM"]
[BlackTitle "FM"]
[WhiteFideId "14112256"]
[BlackFideId "1728113"]
[WhiteElo "2357"]
[BlackElo "2279"]

1. c4 e5 2. g3 Nf6 3. Bg2 d5 4. cxd5 Nxd5 5. Nf3 Nc6 6. O-O Nb6 7. d3 Be7 8. Nbd2 O-O 9. a3 Re8 10.
b3 Bf8 11. Bb2 Nd4 12. Rc1 c6 13. Nxd4 exd4 14. Nf3 Bg4 15. Nxd4 Bxa3 16. Bxa3 Qxd4 17. Re1 Rad8 18. Qd2 Qd7 19.
Bb2 Re6 20. Ra1 Rde8 21. f3 Bf5 22. e4 Bg6 23. Rxa7 Rd6 24. d4 f5 25. Qb4 fxe4 26. fxe4 Qc7 27. Rxb7 Qxb7 28. Qxd6 Nc4 29.
bxc4 Qxb2 30. Rf1 Qc3 31. Qxc6 Qxd4+ 32. Kh1 Rxe4 33. Qa8+ Re8 34. Bd5+ 1-0

[Event "SS Manhem Chess Week GM and IM tournaments 2018"]
[Site "Molnlycke kulturhus, Biblioteksgatan 2, Molnlycke, Sweden"]
[Date "2018.08.15"]
[Round "6.7"]
[White "Mikalsen, Erlend"]
[Black "Ernst, Thomas"]
[Result "1-0"]
[TimeControl "90 minutes for 40 moves + 30 minutes for the rest of the game + 30 seconds per move from move one."]
[WhiteTitle "FM"]
[BlackTitle "GM"]
[WhiteFideId "1507338"]
[BlackFideId "1700065"]
[WhiteElo "2289"]
[BlackElo "2346"]

1. e4 c5 2. Nf3 d6 3. d4 cxd4 4. Nxd4 Nf6 5. Nc3 Nc6 6. Bg5 e6 7. Qd2 a6 8. O-O-O h6 9. Be3 Be7 10.
f4 Qc7 11. Be2 Bd7 12. g4 Na5 13. h4 Nc4 14. Qd3 Nxe3 15. Qxe3 Qc5 16. g5 e5 17. gxf6 exd4 18. fxg7 Rg8 19.
Rxd4 Bf6 20. e5 dxe5 21. fxe5 Bxe5 22. Rhd1 Rc8 23. Bc4 Rxg7 24. Nd5 1-0

[Event "SS Manhem Chess Week GM and IM tournaments 2018"]
[Site "Molnlycke kulturhus, Biblioteksgatan 2, Molnlycke, Sweden"]
[Date "2018.08.15"]
[Round "6.8"]
[White "Hobber, Anders"]
[Black "Antonsen, Mikkel"]
[Result "0-1"]
[TimeControl "90 minutes for 40 moves + 30 minutes for the rest of the game + 30 seconds per move from move one."]
[WhiteTitle "FM"]
[BlackTitle "IM"]
[WhiteFideId "1505424"]
[BlackFideId "1401378"]
[WhiteElo "2314"]
[BlackElo "2444"]

1. d4 d5 2. Nf3 Nf6 3. e3 e6 4. Bd3 Be7 5. O-O O-O 6. b3 b6 7. Bb2 Bb7 8. Nbd2 Nbd7 9. c4 Ne4 10.
Rc1 f5 11. cxd5 exd5 12. Ne5 Nxe5 13. dxe5 Bc5 14. Qc2 Rc8 15. Nf3 Qe7 16. Qe2 f4 17. exf4 Rxf4 18. g3 Rf7 19. Bxe4 dxe4 20.
Nd2 Rxf2 21. Rxf2 e3 22. Bd4 Bxd4 23. Qc4+ Kh8 24. Qxd4 exf2+ 25. Kxf2 Rd8 26. Qe3 Qd7 27. e6 Qxd2+ 28. Qxd2 Rxd2+ 29. Ke3 Rd6 30. Rxc7 Rxe6+ 31. Kd4 Bc6 32. Rxa7 h6 33. Rc7 Kh7 34. Rc8 Kg6 35. Rb8 Bg2 36.
a4 Kh5 37. Rf8 g5 38. Rf2 Bc6 39. h3 Kg6 0-1

[Event "SS Manhem Chess Week GM and IM tournaments 2018"]
[Site "Molnlycke kulturhus, Biblioteksgatan 2, Molnlycke, Sweden"]
[Date "2018.08.15"]
[Round "6.9"]
[White "Kucuksari, Kaan"]
[Black "Rydstrom, Tom"]
[Result "1-0"]
[TimeControl "90 minutes for 40 moves + 30 minutes for the rest of the game + 30 seconds per move from move one."]
[WhiteTitle "FM"]
[BlackTitle "FM"]
[WhiteFideId "6380166"]
[BlackFideId "1714830"]
[WhiteElo "2329"]
[BlackElo "2316"]

1. d4 g6 2. c4 Bg7 3. Nc3 c5 4.
d5 f5 5.
h4 Nf6 6. e4 fxe4 7. h5 d6 8. h6 Bf8 9. Nh3 Bf5 10. Be2 Qc8 11. Bg5 Ng4 12. Nxe4 Nxh6 13. Qd2 Bxe4 14. Bxh6 Bxg2 15.
Nf4 Bxh1 16. Ne6 Be4 17.
Qc3 Rg8 18. Nxf8 Nd7 19. Bg4 Bf5 20. Bxf5 gxf5 21. Ne6 Ne5 22. Bg7 Qd7 23. O-O-O Nf7 24. Re1 b5 25. Qh3 Rxg7 26. Nxg7+ Kd8 27.
Qxh7 Ne5 28. Rxe5 dxe5 29. Ne6+ Kc8 30. Qg8+ Kb7 31. Nxc5+ Kc7 32. Qxa8 Qd6 33. Qxa7+ Kc8 34. Qa8+ Kc7 35. Qb7+ Kd8 36. Ne6+ Ke8 37.
c5 1-0

[Event "SS Manhem Chess Week GM and IM tournaments 2018"]
[Site "Molnlycke kulturhus, Biblioteksgatan 2, Molnlycke, Sweden"]
[Date "2018.08.15"]
[Round "6.10"]
[White "Nedilko, Vasily"]
[Black "Pantzar, Milton"]
[Result "1/2-1/2"]
[TimeControl "90 minutes for 40 moves + 30 minutes for the rest of the game + 30 seconds per move from move one."]
[WhiteTitle "IM"]
[BlackTitle "FM"]
[WhiteFideId "14101459"]
[BlackFideId "1721003"]
[WhiteElo "2369"]
[BlackElo "2306"]

1. d4 Nf6 2. c4 e6 3. Nc3 Bb4 4. Nf3 b6 5. e3 Ne4 6. Qc2 Bb7 7. Bd3 f5 8. O-O Nxc3 9. bxc3 Bxf3 10.
gxf3 Bd6 11. f4 Qh4 12. f3 O-O 13. Qf2 Qh6 14. Bd2 Nc6 15. Kh1 Na5 16. Rg1 c5 17. Rg3 Rac8 18. Qe2 Rc7 19.
Rag1 g6 20. Rg5 Be7 21. R5g2 Bd6 22. Be1 Kh8 23. h4 Rg8 24. h5 Be7 25. Rh2 gxh5 26. Rxg8+ Kxg8 27. e4 fxe4 28. fxe4 h4 29.
Qg4+ Qg6 30. Qf3 Qh6 31.
d5 Rc8 32. Bxh4 Bxh4 33. Qg4+ Kh8 34. Rxh4 Qg7 35. Qh3 Rg8 36. Qh2 Qf7 37. f5 exf5 38. Qe5+ Qg7 39. Qxg7+ Rxg7 40. exf5 Nb7 41.
f6 Rf7 42. Bg6 Rxf6 43. Rxh7+ Kg8 44. Rxd7 Rxg6 45. Rxb7 Rg3 46. Rxa7 Rxc3 47. Rb7 Rxc4 48. Rxb6 Kf7 49. Rc6 Ra4 50.
Kg2 Rxa2+ 51. Kf3 Ke7 52. Ke4 Ra1 53. Rxc5 Re1+ 54. Kd4 Rd1+ 55. Kc4 Rc1+ 56. Kb5 Rxc5+ 57. Kxc5 Kd7 58. d6 Kd8 59.
Kd4 Kd7 60. Kd5 Kd8 61. Ke6 Ke8 62. d7+ Kd8 63. Kd6 1/2-1/2

[Event "SS Manhem Chess Week GM and IM tournaments 2018"]
[Site "Molnlycke kulturhus, Biblioteksgatan 2, Molnlycke, Sweden"]
[Date "2018.08.15"]
[Round "7.1"]
[White "Christiansen, Johan-Sebastian"]
[Black "Sammalvuo, Tapani"]
[Result "1-0"]
[TimeControl "90 minutes for 40 moves + 30 minutes for the rest of the game + 30 seconds per move from move one."]
[WhiteTitle "IM"]
[BlackTitle "IM"]
[WhiteFideId "1512668"]
[BlackFideId "501115"]
[WhiteElo "2515"]
[BlackElo "2411"]

1. d4 Nf6 2. c4 e6 3. Nc3 Bb4 4. Qc2 c5 5. dxc5 O-O 6. a3 Bxc5 7. Nf3 b6 8. Bf4 Bb7 9. Rd1 Nc6 10.
b4 Be7 11. e4 Nh5 12. Bc1 Qc7 13. Be2 Rad8 14. O-O Nf4 15. Bb2 a5 16. Nb5 Qb8 17. bxa5 Nxa5 18. Be5 Nxe2+ 19. Qxe2 d6 20.
Bb2 Qc8 21. Nd2 Ba6 22. a4 Rfe8 23. Bd4 Qc6 24. Rb1 Rd7 25. Rfc1 Ra8 26. Qg4 g6 27. Rc3 f5 28. exf5 exf5 29.
Qe2 Bb7 30. Qe6+ Kf8 31. Rf3 Bg5 32. Rxf5+ gxf5 33. Qxf5+ Rf7 34. Qxg5 Re8 35. Qh6+ Kg8 36. Qg5+ Kf8 37. f3 Nxc4 38.
Qh6+ Kg8 39. Qg5+ Kf8 40. Ne4 Rxe4 41. fxe4 Qxe4 42. Rc1 Ne5 43. h3 Qf4 44. Qxf4 Rxf4 45. Rc7 Ba6 46. Be3 Rxa4 47.
Nxd6 h5 48. Ra7 Kg8 49. Bg5 Ra1+ 50. Kh2 Rd1 51. Ne4 Bd3 52. Nf6+ Kh8 53. Bh6 1-0

[Event "SS Manhem Chess Week GM and IM tournaments 2018"]
[Site "Molnlycke kulturhus, Biblioteksgatan 2, Molnlycke, Sweden"]
[Date "2018.08.15"]
[Round "7.2"]
[White "Lindberg, Bengt"]
[Black "Rozentalis, Eduardas"]
[Result "0-1"]
[TimeControl "90 minutes for 40 moves + 30 minutes for the rest of the game + 30 seconds per move from move one."]
[WhiteTitle "IM"]
[BlackTitle "GM"]
[WhiteFideId "1700359"]
[BlackFideId "12800023"]
[WhiteElo "2416"]
[BlackElo "2503"]

1. e4 c6 2. d4 g6 3. Nc3 d5 4. Nf3 Bg7 5. h3 Nh6 6. Be2 O-O 7. O-O f6 8. Nh2 Nf7 9. exd5 cxd5 10.
f4 Nc6 11. Bf3 e6 12. Kh1 f5 13. Be3 Nd6 14. Be2 Ne4 15. Nxe4 dxe4 16. c3 Ne7 17. c4 b5 18. b3 Bb7 19.
Qd2 bxc4 20. bxc4 Qd7 21. Rfd1 Rfd8 22. Rab1 Rac8 23. Qa5 Nc6 24. Qa3 Ba8 25. d5 exd5 26. Rxd5 Qc7 27. Rbd1 Bf8 28.
Qb2 Nb4 29. Rxd8 Rxd8 30. Rxd8 Qxd8 31. Qe5 Qd6 32. Qa5 Nc6 33. Qc3 Qb4 34. Qc1 Bc5 35. Bxc5 Qxc5 36. Nf1 Qf2 37. Qe3 Qxe3 38.
Nxe3 Nd4 39. Bd1 Kf7 40. g4 g5 41. gxf5 gxf4 0-1

[Event "SS Manhem Chess Week GM and IM tournaments 2018"]
[Site "Molnlycke kulturhus, Biblioteksgatan 2, Molnlycke, Sweden"]
[Date "2018.08.15"]
[Round "7.4"]
[White "Vestby-Ellingsen, Mads"]
[Black "Johansson, Linus"]
[Result "1/2-1/2"]
[TimeControl "90 minutes for 40 moves + 30 minutes for the rest of the game + 30 seconds per move from move one."]
[WhiteTitle "FM"]
[BlackTitle "IM"]
[WhiteFideId "1520857"]
[BlackFideId "1711113"]
[WhiteElo "2409"]
[BlackElo "2457"]

1. d4 Nf6 2. c4 e6 3. Nc3 Bb4 4. e3 O-O 5. Bd3 d5 6. Nf3 c5 7. O-O dxc4 8. Bxc4 Nbd7 9. Qe2 b6 10.
Rd1 cxd4 11. exd4 Bxc3 12. bxc3 Bb7 13. Bb3 Qc7 14. c4 Rac8 15. Bb2 Qf4 16. Qe3 Qxe3 17. fxe3 Ne4 18. Rac1 Rc7 19.
Rc2 Rfc8 20. Rdc1 a5 21. Ba3 Ba6 22. Ba4 Nb8 23. Bb3 Nd7 24. Ba4 f6 25. Bb3 Kf7 26. Ne1 g5 27. Nd3 h5 28.
Ba4 Nb8 29. Bb3 h4 30. h3 Nd7 31. Ne1 Nf8 32. Nf3 Ng6 33. Kh2 a4 34. Bxa4 Rxc4 35. Bb3 Rxc2 36. Rxc2 Ne7 37. Rxc8 Bxc8 38.
Bc1 Bb7 39. a4 Bc6 40. Nd2 Nc3 41. Nc4 Ned5 42. a5 bxa5 43. Nxa5 Ba8 44. Nc4 Ne4 45. Nd2 Ndc3 46. Nxe4 Bxe4 47.
Bd2 Nb5 48. Bb4 Nc7 49. g3 hxg3+ 50. Kxg3 Nd5 51. Bxd5 exd5 52. h4 Kg6 1/2-1/2

[Event "SS Manhem Chess Week GM and IM tournaments 2018"]
[Site "Molnlycke kulturhus, Biblioteksgatan 2, Molnlycke, Sweden"]
[Date "2018.08.15"]
[Round "7.5"]
[White "Gritsak, Orest"]
[Black "Schneider, Stefan"]
[Result "1-0"]
[TimeControl "90 minutes for 40 moves + 30 minutes for the rest of the game + 30 seconds per move from move one."]
[WhiteTitle "GM"]
[BlackTitle "IM"]
[WhiteFideId "14102188"]
[BlackFideId "1703013"]
[WhiteElo "2464"]
[BlackElo "2399"]

1. d4 Nf6 2. c4 e6 3. Nc3 Bb4 4. Qc2 O-O 5. a3 Bxc3+ 6. Qxc3 b6 7. Bg5 Ba6 8. Qf3 Nc6 9. e3 h6 10.
Bxf6 Qxf6 11. Qxf6 gxf6 12. Nh3 Ne7 13. Nf4 f5 14. Be2 Bb7 15. f3 a5 16. Kf2 a4 17. Rhg1 f6 18. g4 Kf7 19.
gxf5 Nxf5 20. Bd3 Ne7 21. Rg3 Rg8 22. Rh3 c5 23. d5 Rh8 24. Rg1 f5 25. Rhg3 Rhg8 26. Rxg8 Rxg8 27. Rxg8 Nxg8 28.
dxe6+ dxe6 29. Ne2 Nf6 30. Nc3 Nd7 31. Nxa4 Kf6 32. b4 cxb4 33. axb4 Bc6 34. Nc3 Ke7 35. f4 Kf6 36. Be2 e5 37.
Bh5 Ke7 38. Bg6 Kf6 39. Be8 exf4 40. exf4 Ke7 41. Bxd7 Kxd7 42. Ke3 Kd6 43. Kd4 1-0

[Event "SS Manhem Chess Week GM and IM tournaments 2018"]
[Site "Molnlycke kulturhus, Biblioteksgatan 2, Molnlycke, Sweden"]
[Date "2018.08.15"]
[Round "7.6"]
[White "Rydstrom, Tom"]
[Black "Vypkhaniuk, Ihor"]
[Result "1/2-1/2"]
[TimeControl "90 minutes for 40 moves + 30 minutes for the rest of the game + 30 seconds per move from move one."]
[WhiteTitle "FM"]
[BlackTitle "FM"]
[WhiteFideId "1714830"]
[BlackFideId "14112256"]
[WhiteElo "2316"]
[BlackElo "2357"]

1. Nc3 d5 2. d4 c6 3. e4 dxe4 4. Nxe4 Nd7 5. Nf3 Ngf6 6. Nxf6+ Nxf6 7. Bc4 Bf5 8. c3 e6 9. Qe2 Bg4 10.
h3 Bxf3 11. Qxf3 Nd5 12. Bd2 Bd6 13. g3 Be7 14. h4 a5 15. a3 Qb6 16. O-O Qxb2 17. Qe2 Qb6 18. Rfb1 Qc7 19. Bxd5 cxd5 20.
Qb5+ Qc6 21. Qxb7 Qxb7 22. Rxb7 Bd6 23. a4 h5 24. Rab1 O-O 25. R1b5 Rfb8 26. Kf1 Rxb7 27. Rxb7 Ra6 28.
Ke2 Rc6 29. Ra7 Bc7 30. Kd3 Rc4 31. Kc2 Kf8 32. Kb3 f6 33. Bf4 e5 34. Be3 Rc6 35. Bc1 exd4 36. Ba3+ Kf7 37. cxd4 Ke6 38.
Bc5 g5 39. Rb7 Kf5 40. Rb5 gxh4 41. gxh4 Ke4 42. Kc3 f5 43. Kd2 f4 44. Rb3 f3 45. Re3+ Kf4 46. Re7 Bd8 47. Rf7+ Kg4 48.
Rg7+ Kf4 49. Rf7+ Ke4 50. Rh7 Bxh4 51. Rxh5 Bxf2 52. Re5+ Kf4 53. Rxd5 Re6 54. Rd7 Be1+ 55. Kd3 Re3+ 56.
Kc4 Rc3+ 57. Kb5 f2 58. Rf7+ Ke4 59. d5 Kxd5 60. Bxf2 Rb3+ 61. Ka6 Bb4 1/2-1/2